 Dungeon Crawl Stone Soup version 0.23-a0-639-ga9a3373 (console) character file.

24 Duffy the Firebug (level 2, -2/19 HPs)
             Began as a Demonspawn Fire Elementalist on Dec 29, 2018.
             Slain by an adder (5 damage)
             ... on level 3 of the Dungeon.
             The game lasted 00:01:24 (791 turns).

Duffy the Firebug (Demonspawn Fire Elementalist)     Turns: 791, Time: 00:01:25

Health: -2/19      AC:  2    Str:  8    XL:     2   Next: 79%
Magic:  0/5        EV: 12    Int: 26    God:
Gold:   16         SH:  0    Dex: 13    Spells: 4/5 levels left

rFire    . . .     SeeInvis .   (no weapon)
rCold    . . .     Gourm    .   (no shield)
rNeg     . . .     Faith    .   a - +0 robe
rPois    .         Spirit   .   (no helmet)
rElec    .         Reflect  .   (no cloak)
rCorr    .         Harm     .   (no gloves)
MR       .....                  (no boots)
Stlth    ++........             (no amulet)
HPRegen  0.06/turn              d - +5 ring of intelligence
MPRegen  0.09/turn              (no ring)

@: brilliant
A: powered by death 1
a: no special abilities


You were on level 3 of the Dungeon.
You were not hungry.

You visited 1 branch of the dungeon, and saw 3 of its levels.

You collected 16 gold pieces.

Inventory:

Armour
 a - a +0 robe (worn)
Jewellery
 d - a +5 ring of intelligence (left hand)
Wands
 e - a wand of iceblast (12)
Scrolls
 g - a scroll of noise {unknown}
Comestibles
 c - 2 rations
 f - 2 chunks of flesh


   Skills:
 - Level 1.7 Dodging
 - Level 1.7 Stealth
 + Level 2.0 Spellcasting
 + Level 2.7 Conjurations
 + Level 2.7 Fire Magic


You had 4 spell levels left.
You knew the following spells:

 Your Spells              Type           Power        Failure   Level  Hunger
h - Flame Tongue          Conj/Fire      ####.        1%          1    None

Your spell library contained the following spells:

 Spells                   Type           Power        Failure   Level  Hunger
 Throw Flame              Conj/Fire      ####..       1%          2    ##.....
 Conjure Flame            Conj/Fire      ####....     1%          3    ###....
 Inner Flame              Hex/Fire       ####....     2%          3    ###....
 Sticky Flame             Conj/Fire      ####....     4%          4    ####...
 Fireball                 Conj/Fire      ####......   11%         5    ######.


Dungeon Overview and Level Annotations

Branches:
Dungeon (3/15)

Altars:


Innate Abilities, Weirdness & Mutations

You regenerate a little health from kills.


Message History

The adder bites you.
It was a potion of brilliance.
You feel clever all of a sudden. The adder closely misses you.
You feel sick. The adder barely misses you.
There is a stone staircase leading up here.
You feel sick.
You are no longer poisoned.
The adder closely misses you.
You see here a hobgoblin skeleton.
Casting: Flame Tongue (safe; 1% risk of failure)
Confirm with . or Enter, or press ? or * to list all spells.
Aiming: Flame Tongue (safe; 1% risk of failure)
Press: ? - help, Shift-Dir - straight line, f/p - adder
Aim: an adder (heavily wounded)
The flame tongue misses the adder.
The adder bites you.
* * * LOW HITPOINT WARNING * * *
The adder bites you.
You die...

##########.######
#...........# #...........#
####...........#
#.........###.##
#.#######.# #.# #.# #.# #.#
#.# #.###<# #.# #.@S%###
#.# #......# #.#
#......####### #.#####
#............# #.....#
#............# #####.#
##...........# #.#
##...........# #.#
#............#
##########'###.#.##.....###


You could see an adder.

Vanquished Creatures
  A worm (D:2)
  2 leopard geckos
  2 giant cockroaches
  3 goblins
  3 hobgoblins
  A quokka (D:3)
  3 bats (D:3)
  A kobold (D:2)
  3 rats
19 creatures vanquished.

Notes
Turn   | Place    | Note
-------+----------+-------------------------------------------
     0 | D:1      | Duffy the Demonspawn Fire Elementalist began the quest for
                  | the Orb.
     0 | D:1      | Reached XP level 1. HP: 13/13 MP: 3/3
   252 | D:2      | Gained mutation: You regenerate a little health from kills.
                  | [demonic ancestry]
   252 | D:2      | Reached XP level 2. HP: 14/19 MP: 0/5
   791 | D:3      | Slain by an adder

Vault maps used:
D:1:      minmay_arrival_jagged
D:2:      grunt_gozag_statues
D:3:      first_ration, hangedman_abyss_or_decor_stabs, chequers_mini_garden,
          kennysheep_orc_chapel

Skill      XL: |  1 |
---------------+----+-----
Conjurations   | 2 |  2.7
Dodging        | |  1.7
Stealth        | |  1.7
Spellcasting   | |  2.0
Fire Magic     | |  2.7

Action                   || total
-------------------------++-------
 Cast: Flame Tongue      ||    45
  Use: Potion            ||     1
Armor: Robe              ||     5
Dodge: Dodged            ||    27

Table legend:
 A = Non-vault XP
 B = Vault XP
 C = Vault XP percentage of total XP
 D = Non-vault monster count
 E = Vault monster count
 F = Vault count percentage of total count
                 A         B        C        D         E       F
            +---------+---------+-------+---------+---------+-------
      Total |      35 |       0 |   0.0 |      19 |       0 |   0.0
            +---------+---------+-------+---------+---------+-------
        D:2 |      20 |       0 |   0.0 |      10 |       0 |   0.0
        D:3 |      15 |       0 |   0.0 |       9 |       0 |   0.0
            +---------+---------+-------+---------+---------+-------
